 Dungeon Sprint DCSS version 0.23-a0-239-g84a5ed292d (webtiles) character file.

15788 ICC the Wrestler (level 12, 33/89 HPs)
             Began as a Centaur Berserker on Sept 26, 2018.
             Was a High Priest of Trog.
             Quit the game in the Dungeon (Sprint IX: "|||||||||||||||||||||||||||||").
             The game lasted 00:16:18 (1620 turns).

ICC the Wrestler (Centaur Berserker)                Turns: 1620, Time: 00:16:18

Health: 33/89      AC: 10    Str: 28    XL:     12   Next: 4%
Magic:  12/12      EV:  9    Int:  6    God:    Trog [*****.]
Gold:   1800       SH:  0    Dex: 13    Spells: 11/11 levels left

rFire    . . .     SeeInvis .     - Unarmed
rCold    + + .     Gourm    .   (no shield)
rNeg     . . .     Faith    .   W - +0 troll leather armour
rPois    .         Spirit   .   (no helmet)
rElec    .         Reflect  .   H - +1 cloak
rCorr    .         Harm     .   J - +2 pair of gloves of Jyaxtea {Str+7}
MR       ++...     NoTele   +   (no barding)
Stlth    +.........             (no amulet)
HPRegen  1.64/turn              E - ring of protection from cold
MPRegen  0.13/turn              D - ring of protection from cold

@: berserk cooldown, regenerating, slowed
A: large, hooves 3, deformed body, speed 2, tough skin 3
a: Berserk, Trog's Hand, Brothers in Arms, Renounce Religion


You were in the Dungeon.
You worshipped Trog.
Trog was extremely pleased with you.
You were very hungry.

You visited 1 branch You collected 1926 gold pieces.
You spent 126 gold pieces at shops.

Inventory:

Hand Weapons
 q - the +1 longbow "Timel" {freeze, rC+++ Int+2 SInv Stlth-}
   (Trog gifted it to you in the Dungeon)

   It causes projectiles fired from it to freeze those they strike, causing
   extra injury to most foes and up to half again as much damage against
   particularly susceptible opponents.
   They can also slow down cold-blooded creatures.
   It affects your intelligence (+2).
   It renders you almost immune to cold.
   It lets you see invisible.
   It makes you less stealthy.
 y - the +3 longbow "Goph" {flame, rPois rF+ Str+4}
   (Trog gifted it to you in the Dungeon)

   It causes projectiles fired from it to burn those they strike, causing extra
   injury to most foes and up to half again as much damage against particularly
   susceptible opponents.
   It affects your strength (+4).
   It protects you from fire.
   It protects you from poison.
Missiles
 n - 121 arrows
Armour
 x - a +3 leather armour
 F - +0 storm dragon scales
 G - +0 swamp dragon scales
 H - a +1 cloak (worn)
 I - +1 fire dragon scales
 J - the +2 pair of gloves of Jyaxtea (worn) {Str+7}
   (You found it in the Dungeon)

   It affects your strength (+7).
 W - a +0 troll leather armour (worn)
Jewellery
 o - a +2 ring of protection
 p - a +2 ring of protection
 s - an uncursed ring of positive energy
 B - an uncursed ring of protection from magic
 D - a ring of protection from cold (right hand)
 E - a ring of protection from cold (left hand)
Wands
 k - a wand of iceblast (17)
Scrolls
 h - 5 scrolls of blinking
 j - 3 scrolls of remove curse
 t - 4 scrolls of enchant armour
 u - 5 scrolls of enchant weapon
 v - 2 scrolls of identify
 w - 2 scrolls of fear
Potions
 a - a potion of agility
 c - 6 potions of curing
 d - 5 potions of heal wounds
 e - 2 potions of haste
 f - 4 potions of magic
 g - 3 potions of berserk rage
 i - 2 potions of invisibility
 r - 2 potions of mutation
 z - a potion of lignification
Comestibles
 b - 11 rations
 l - 6 chunks of flesh


   Skills:
 - Level 3.0 Fighting
 + Level 16.5 Bows
 - Level 1.3 Armour
 - Level 1.3 Dodging
 * Level 24.6 Unarmed Combat


You had 11 spell levels left.
You didn't know any spells.
Your spell library was empty.

Dungeon Overview and Level Annotations

Branches:
Dungeon (1/1)

Altars:
Cheibriados
Dithmenos
Elyvilon
Fedhas
Gozag
Hepliaklqana
Kikubaaqudgha
Makhleb
Nemelex Xobeh
Okawaru
Qazlal
Ru
Sif Muna
Trog
Uskayaw
Vehumet
Wu Jian
Xom
Yredelemnul
Zin
The Shining One
Beogh
Jiyva
Lugonu

Shops:
D *%[}


Innate Abilities, Weirdness & Mutations

You have hooves in place of feet.
Armour fits poorly on your strangely shaped body.
You cover ground very quickly.
You have extremely tough skin. (AC +3)


Message History

You kill the redback!
Trog accepts your kill.
n - 118 arrows (gained 4)
You feel a strong urge to attack something.
n - 120 arrows (gained 2)
Things that are here:
a great sword of flaming; a large rock; a shapeshifter corpse You are no longer berserk.
You are exhausted.
You feel yourself slow down.
n - 121 arrows (gained 1)
Things that are here:
an enchanted great sword; a leather armour You feel the effects of Trog's Hand fading.
Things that are here:
2 large rocks; a runed great sword {god gift}
Things that are here:
2 large rocks; a cyclops corpse Search for what [Enter for "gift", or ? for help]?
Are you sure you want to abandon this character and quit the game? (Confirm

▓.▓.▓∩▓.▓)▓.▓)▓
▓(▓.▓)▓.▓.▓.▓)▓
▓(▓.▓∩▓.▓.▓.▓[▓
▓.▓.▓.▓.▓.▓.▓.▓
▓)▓.▓∩▓.▓.▓.▓.▓
▓)▓.▓.▓.▓.▓.▓.▓
▓(▓.▓∩▓.▓.▓.▓.▓
▓.▓.▓.▓.▓.▓.▓)▓
▓@▓.▓.▓.▓.▓.▓|▓
▓)▓.▓)▓.▓.▓.▓?▓
▓(▓.▓)▓.▓.▓.▓.▓
▓)▓.▓)▓.▓'▓.▓'▓
▓)▓.▓)▓.▓.▓.▓_▓
▓.▓.▓.▓.▓.▓.▓_▓
▓.▓.▓.▓.▓.▓.▓_▓
▓.▓.▓.▓.▓.▓.▓_▓
▓.▓.▓.▓.▓.▓.▓_▓


There were no monsters in sight!

Vanquished Creatures
  A fire giant (D)
  A stone giant (D)
  A dire elephant (D)
  An ettin (D)
  An ogre mage (D)
  A centaur warrior (D)
  An orc high priest (D)
  A tengu warrior (D)
  An unseen horror (D)
  An orc knight (D)
  A harpy (shapeshifter) (D)
  A deep elf mage (D)
  Maurice (D)
  4 elephants (D)
  A spiny frog (D)
  2 komodo dragons (D)
  A troll (D)
  A hornet (D)
  A hippogriff (D)
  A blink frog (D)
  A slime creature (D)
  A redback (shapeshifter) (D)
  A yak (D)
  3 porcupines (D)
  2 ogres (D)
  A wolf (D)
  4 crocodiles (D)
  2 bullfrogs (D)
  A gnoll sergeant (D)
  A wight (D)
  A shadow imp (D)
  A leopard gecko (D)
  8 orcs (D)
  A bat skeleton (D)
  2 giant cockroaches (D)
  2 goblins (D)
  A kobold (D)
  A rat (D)
58 creatures vanquished.

Vanquished Creatures (collateral kills)
  A stone giant (D)
  A dire elephant (D)
  A deep elf mage (D)
  4 orc knights (D)
  2 elephants (D)
  A cyclops (D)
  A black mamba (D)
  A polar bear (D)
  A wraith (D)
  9 orc warriors (D)
  An ice beast (D)
  A crocodile (D)
  A bullfrog (D)
  A crimson imp (D)
  3 orc priests (D)
  3 orc wizards (D)
  12 orcs (D)
44 creatures vanquished.

Grand Total: 102 creatures vanquished

Notes
Turn   | Place    | Note
-------+----------+-------------------------------------------
     0 | D        | ICC the Centaur Berserker began the quest for the Orb.
     0 | D        | Reached XP level 1. HP: 19/19 MP: 1/1
     7 | D        | Reached skill level 4 in Unarmed Combat
     8 | D        | Reached ** piety under Trog
    54 | D        | Noticed a gnoll sergeant
    54 | D        | Noticed an ogre
    56 | D        | Reached skill level 5 in Unarmed Combat
    56 | D        | Reached XP level 2. HP: 26/26 MP: 2/2
    57 | D        | Reached *** piety under Trog
    62 | D        | Killed an ogre
    62 | D        | Reached skill level 9 in Unarmed Combat
    62 | D        | Reached XP level 3. HP: 31/31 MP: 3/3
    62 | D        | Reached XP level 4. HP: 38/38 MP: 4/4
    67 | D        | Killed a gnoll sergeant
    67 | D        | Reached skill level 11 in Unarmed Combat
    67 | D        | Reached XP level 5. HP: 18/45 MP: 5/5
    78 | D        | Found a roughly hewn altar of Beogh.
    78 | D        | Found a snail-covered altar of Cheibriados.
    78 | D        | Found a shadowy altar of Dithmenos.
    78 | D        | Found a white marble altar of Elyvilon.
    78 | D        | Found a blossoming altar of Fedhas.
    78 | D        | Found an opulent altar of Gozag.
    79 | D        | Found a hazy altar of Hepliaklqana.
    80 | D        | Found a viscous altar of Jiyva.
    81 | D        | Found an ancient bone altar of Kikubaaqudgha.
    82 | D        | Found a corrupted altar of Lugonu.
    83 | D        | Found a burning altar of Makhleb.
    84 | D        | Found a sparkling altar of Nemelex Xobeh.
    85 | D        | Found an iron altar of Okawaru.
    86 | D        | Found a stormy altar of Qazlal.
    87 | D        | Found a sacrificial altar of Ru.
    88 | D        | Found a deep blue altar of Sif Muna.
    89 | D        | Found a bloodstained altar of Trog.
    90 | D        | Found a hide-covered altar of Uskayaw.
    91 | D        | Found a radiant altar of Vehumet.
    92 | D        | Found an ornate altar of the Wu Jian Council.
    93 | D        | Found a shimmering altar of Xom.
    94 | D        | Found a basalt altar of Yredelemnul.
    95 | D        | Found a glowing silver altar of Zin.
    96 | D        | Found a glowing golden altar of the Shining One.
   285 | D        | Noticed an ogre
   285 | D        | Noticed a hornet
   285 | D        | Noticed a troll
   288 | D        | Reached **** piety under Trog
   291 | D        | Killed a troll
   291 | D        | Reached skill level 13 in Unarmed Combat
   291 | D        | Reached XP level 6. HP: 51/51 MP: 6/6
   297 | D        | Killed a hornet
   297 | D        | Reached skill level 15 in Unarmed Combat
   297 | D        | Reached XP level 7. HP: 57/57 MP: 7/7
   301 | D        | Reached ***** piety under Trog
   352 | D        | Noticed a centaur warrior
   352 | D        | Noticed a slime creature
   352 | D        | Noticed a deep elf mage
   358 | D        | Killed a deep elf mage
   358 | D        | Reached skill level 16 in Unarmed Combat
   358 | D        | Reached XP level 8. HP: 63/63 MP: 8/8
   362 | D        | Killed a slime creature
   362 | D        | Reached skill level 17 in Unarmed Combat
   364 | D        | Killed a centaur warrior
   364 | D        | Reached skill level 18 in Unarmed Combat
   369 | D        | Killed an unseen horror
   369 | D        | Received a gift from Trog
   369 | D        | Reached skill level 19 in Unarmed Combat
   369 | D        | Reached XP level 9. HP: 44/69 MP: 9/9
   563 | D        | Reached skill level 1 in Bows
   577 | D        | Noticed a komodo dragon
   579 | D        | Reached ****** piety under Trog
   579 | D        | Reached skill level 5 in Bows
   579 | D        | Reached skill level 20 in Unarmed Combat
   585 | D        | Killed a komodo dragon
   659 | D        | Noticed a spiny frog
   659 | D        | Noticed a komodo dragon
   662 | D        | Received a gift from Trog
   664 | D        | Killed a komodo dragon
   669 | D        | Noticed a black mamba
   670 | D        | Killed a spiny frog
   670 | D        | Reached XP level 10. HP: 77/77 MP: 10/10
   678 | D        | Reached skill level 21 in Unarmed Combat
   686 | D        | Killed a black mamba
   686 | D        | Received a gift from Trog
   804 | D        | Noticed an elephant
   804 | D        | Noticed a dire elephant
   804 | D        | Noticed an elephant
   804 | D        | Noticed an elephant
   804 | D        | Noticed an elephant
   804 | D        | Noticed a dire elephant
   809 | D        | Killed an elephant
   814 | D        | Killed a dire elephant
   814 | D        | Reached skill level 10 in Bows
   817 | D        | Killed an elephant
   822 | D        | Killed a dire elephant
   825 | D        | Noticed an elephant
   830 | D        | Killed an elephant
   830 | D        | Received a gift from Trog
   832 | D        | Noticed an elephant
   835 | D        | Killed an elephant
   835 | D        | Reached skill level 22 in Unarmed Combat
   841 | D        | Killed an elephant
   846 | D        | Killed an elephant
   852 | D        | Got a scorched glaive {god gift}
   853 | D        | Identified the +12 glaive of the Harvest {freeze, rPois}
                  | (Trog gifted it to you in the Dungeon)
  1030 | D        | Noticed Maurice
  1034 | D        | Killed Maurice
  1034 | D        | Reached XP level 11. HP: 82/82 MP: 11/11
  1070 | D        | Noticed an orc knight
  1073 | D        | Received a gift from Trog
  1078 | D        | Killed an orc knight
  1081 | D        | Received a gift from Trog
  1083 | D        | Got an ancient longbow {god gift}
  1084 | D        | Identified the +1 longbow "Timel" {freeze, rC+++ Int+2 SInv
                  | Stlth-} (Trog gifted it to you in the Dungeon)
  1102 | D        | Noticed a stone giant
  1108 | D        | Killed a stone giant
  1154 | D        | Received a gift from Trog
  1161 | D        | Noticed an orc knight
  1166 | D        | Killed an orc knight
  1167 | D        | Received a gift from Trog
  1174 | D        | Received a gift from Trog
  1202 | D        | Found Ezisog's Gadget Boutique.
  1202 | D        | Noticed an orc knight
  1204 | D        | Received a gift from Trog
  1207 | D        | Killed an orc knight
  1208 | D        | Received a gift from Trog
  1208 | D        | Reached skill level 23 in Unarmed Combat
  1210 | D        | Received a gift from Trog
  1210 | D        | Noticed an orc knight
  1216 | D        | Killed an orc knight
  1219 | D        | Got an ebony longbow {god gift}
  1220 | D        | Identified the +3 longbow "Goph" {flame, rPois rF+ Str+4}
                  | (Trog gifted it to you in the Dungeon)
  1223 | D        | Found Gery's Armour Shop.
  1229 | D        | Found Numuk's Food Boutique.
  1237 | D        | Found Ruzusar's General Store.
  1242 | D        | Noticed an orc high priest
  1253 | D        | Killed an orc high priest
  1275 | D        | Bought a scroll of fear for 42 gold pieces
  1275 | D        | Bought a potion of lignification for 36 gold pieces
  1275 | D        | Bought a potion of curing for 36 gold pieces
  1275 | D        | Bought a potion of degeneration for 12 gold pieces
  1445 | D        | Got the +2 pair of gloves of Jyaxtea {Str+7}
  1501 | D        | Noticed an orc knight
  1501 | D        | Noticed a deep elf mage
  1503 | D        | Killed a deep elf mage
  1503 | D        | Received a gift from Trog
  1509 | D        | Killed an orc knight
  1513 | D        | Received a gift from Trog
  1514 | D        | Noticed an ogre mage
  1516 | D        | Noticed an ettin
  1522 | D        | Killed an ogre mage
  1548 | D        | Killed an ettin
  1548 | D        | Reached skill level 15 in Bows
  1587 | D        | Noticed a harpy
  1587 | D        | Noticed a tengu warrior
  1589 | D        | Noticed a stone giant
  1591 | D        | Killed a harpy
  1592 | D        | Noticed a fire giant
  1594 | D        | Killed a tengu warrior
  1594 | D        | Received a gift from Trog
  1594 | D        | Reached skill level 24 in Unarmed Combat
  1604 | D        | Killed a stone giant
  1607 | D        | Killed a fire giant
  1607 | D        | Reached XP level 12. HP: 28/89 MP: 12/12
  1620 | D        | Quit the game

Vault maps used:
D:        linesprint

Skill      XL: |  1  2  3  4  5  6  7  8  9 10 11 |
---------------+----------------------------------+-----
Unarmed Combat | 5 9 11 13 15 16 19 20 22 24 | 24.6
Bows           | 8 12 16 | 16.5
Fighting       | |  3.0
Armour         | |  1.3
Dodging        | |  1.3

Action                   |  1- 3 |  4- 6 |  7- 9 | 10-12 || total
-------------------------+-------+-------+-------+-------++-------
Melee: Unarmed           |    16 |    15 |    49 |    47 ||   127
       Kick              |     3 |     4 |    12 |    17 ||    36
       Punch             |       |     1 |     5 |     3 ||     9
 Fire: Longbow           |       |       |       |    38 ||    38
Invok: Berserk           |     1 |     1 |     3 |     3 ||     8
       Brothers in Arms  |       |       |       |     8 ||     8
       Trog's Hand       |       |       |       |     1 ||     1
  Use: Potion            |       |       |       |     2 ||     2
  Eat: Chunk             |       |       |     3 |     8 ||    11
Armor: Animal skin       |     5 |       |       |       ||     5
       Ring mail         |       |     4 |     9 |    10 ||    23
       Troll leather arm |       |       |       |     2 ||     2
       Leather armour    |       |       |       |     1 ||     1
       Fire dragon scale |       |       |       |     1 ||     1
Dodge: Dodged            |       |     2 |     8 |    13 ||    23

Table legend:
 A = Non-vault XP
 B = Vault XP
 C = Vault XP percentage of total XP
 D = Non-vault monster count
 E = Vault monster count
 F = Vault count percentage of total count
                 A         B        C        D         E       F
            +---------+---------+-------+---------+---------+-------
      Total |       0 |   22555 | 100.0 |       0 |     102 | 100.0
            +---------+---------+-------+---------+---------+-------
          D |       0 |   22555 | 100.0 |       0 |     102 | 100.0
            +---------+---------+-------+---------+---------+-------
